 Dungeon Crawl Stone Soup version 0.23.2-40-g277498a001 (webtiles) character file.

Game seed: 12455415440408857609

214 Hylith the Magician (level 5, 0/29 HPs)
             Began as a Deep Elf Air Elementalist on Aug 13, 2019.
             Hit by a tomahawk thrown by an orc warrior (15 damage)
             ... on level 3 of the Dungeon.
             The game lasted 00:10:09 (3169 turns).

Hylith the Magician (Deep Elf Air Elementalist)     Turns: 3169, Time: 00:10:10

Health: 0/29       AC:  3    Str:  5    XL:     5   Next: 59%
Magic:  7/13       EV: 14    Int: 21    God:
Gold:   85         SH:  0    Dex: 15    Spells: 6/13 levels left

rFire    . . .     SeeInvis .   n - +0 trident
rCold    . . .     Gourm    .   (no shield)
rNeg     . . .     Faith    .   p - +0 animal skin
rPois    .         Spirit   .   o - +0 helmet
rElec    .         Reflect  .   (no cloak)
rCorr    .         Harm     .   (no gloves)
MR       .....                  (no boots)
Stlth    ++........             (no amulet)
HPRegen  0.09/turn              (no ring)
MPRegen  0.13/turn              (no ring)

@: no status effects
A: no striking features
a: no special abilities


You were on level 3 of the Dungeon.
You were not hungry.

You visited 1 branch of the dungeon, and saw 3 of its levels.

You collected 85 gold pieces.

Inventory:

Hand Weapons
 n - a +0 trident (weapon)
Missiles
 j - 61 stones (quivered)
Armour
 d - a +0 cloak
 o - a +0 helmet (worn)
 p - a +0 animal skin (worn)
Jewellery
 g - an uncursed ring of ice
Scrolls
 a - a scroll of enchant weapon {unknown}
 e - 2 scrolls of identify {unknown}
 k - a scroll of remove curse {unknown}
 m - a scroll of fog {unknown}
Potions
 b - a potion of heal wounds {unknown}
 h - a potion of curing {unknown}
 i - a potion of invisibility {unknown}
Comestibles
 c - 7 rations
 f - 2 chunks of flesh


   Skills:
 - Level 1.0 Fighting
   Level 0.1 Short Blades
 + Level 3.8 Dodging
 - Level 3.0 Stealth
 + Level 4.5 Spellcasting
 + Level 2.6 Conjurations
 + Level 4.1 Air Magic


You had 6 spell levels left.
You knew the following spells:

 Your Spells              Type           Power        Failure   Level  Hunger
a - Shock                 Conj/Air       ###.         3%          1    None
b - Swiftness             Chrm/Air       ##......     8%          2    #......
c - Airstrike             Air            ###.......   21%         4    ####...

Your spell library contained the following spells:

 Spells                   Type           Power        Failure   Level  Hunger
 Static Discharge         Conj/Air       ###.....     9%          3    ##.....
 Lightning Bolt           Conj/Air       ###.......   63%         5    ######.


Dungeon Overview and Level Annotations

Branches:
Dungeon (3/15)

Altars:
Yredelemnul
Zin


Message History

Casting: Shock (safe; 3% risk of failure)
Confirm with . or Enter, or press ? or * to list all spells.
Aiming: Shock (safe; 3% risk of failure)
Press: ? - help, Shift-Dir - straight line The zap hits the orc.
The orc is severely wounded.
The zap misses the orc warrior.
The orc barely misses you.
Casting: Shock (safe; 3% risk of failure)
Confirm with . or Enter, or press ? or * to list all spells.
Aiming: Shock (safe; 3% risk of failure)
Press: ? - help, Shift-Dir - straight line The zap misses the orc.
The zap hits the hobgoblin.
The hobgoblin is severely wounded.
The zap hits the orc warrior.
The orc warrior is moderately wounded.
The orc completely misses you.
An orc comes into view. It is wielding a -1 flail.
The orc warrior throws a tomahawk.
The tomahawk hits you!
Ouch! That really hurt!
You die...

..(.o. .....# #..)...
##........# ###
###.........# ..
###...o........ .# #
#...#.g......# .#
#######.o........# .)#
##P...##.@........# ..#
##P#....#..........##.#
#.PP....#..........#..#
#.P.......#.....#....#####
#####.##.##..).##.(#......
####.##..####).# ##...
#.##..# ##รท.# #...
#.....###..#####...
#..#<.........##...


You could see an orc warrior, an orc and a hobgoblin.

Vanquished Creatures
  A hound (D:2)
  An orc wizard (D:3)
  Jessica (D:2)
  A worker ant (D:2)
  Robin (D:3)
  2 oozes
  4 dart slugs
  A leopard gecko (D:2)
  An orc (D:3)
  10 bats
  2 giant cockroaches (D:1)
  6 hobgoblins
  4 jackals (D:2)
  A quokka (D:3)
  2 ball pythons
  5 frilled lizards
  19 goblins
  8 kobolds
  7 rats
  A spectral orc (D:3)
78 creatures vanquished.

Notes
Turn   | Place    | Note
-------+----------+-------------------------------------------
     0 | D:1      | Hylith the Deep Elf Air Elementalist began the quest for
                  | the Orb.
     0 | D:1      | Reached XP level 1. HP: 10/10 MP: 6/6
     2 | D:1      | Noticed a minotaur
     2 | D:1      | Noticed an elf
     4 | D:1      | Noticed a felid
     4 | D:1      | Noticed a spriggan
     6 | D:1      | Noticed a gargoyle
     6 | D:1      | Noticed a demonspawn
     8 | D:1      | Noticed a formicid
    10 | D:1      | Noticed an octopode
    10 | D:1      | Noticed a dwarf
    12 | D:1      | Noticed a tengu
    14 | D:1      | Noticed a ghoul
    16 | D:1      | Noticed a centaur
    16 | D:1      | Noticed a demigod
    18 | D:1      | Noticed a human
    20 | D:1      | Noticed an ogre
    20 | D:1      | Noticed a vine stalker
    22 | D:1      | Noticed a vampire
    22 | D:1      | Noticed a draconian
    24 | D:1      | Noticed a halfling
    24 | D:1      | Noticed a merfolk
    26 | D:1      | Noticed a naga
    26 | D:1      | Noticed a troll
   172 | D:1      | Reached XP level 2. HP: 15/15 MP: 0/8
   742 | D:1      | Reached XP level 3. HP: 16/19 MP: 2/10
  1587 | D:2      | Reached XP level 4. HP: 24/24 MP: 8/11
  1646 | D:2      | Noticed Jessica
  1653 | D:2      | Killed Jessica
  1923 | D:2      | Found a glowing silver altar of Zin.
  2116 | D:2      | Reached XP level 5. HP: 28/28 MP: 9/13
  2376 | D:3      | Noticed Robin
  2390 | D:3      | Killed Robin
  2422 | D:3      | Reached skill level 1 in Fighting
  2690 | D:3      | Found a basalt altar of Yredelemnul.
  2777 | D:3      | Noticed an orc warrior
  2858 | D:3      | Learned a level 2 spell: Swiftness
  2863 | D:3      | Learned a level 4 spell: Airstrike
  3169 | D:3      | Hit by a tomahawk thrown by an orc warrior

Skill      XL: |  1  2  3  4  5 |
---------------+----------------+-----
Dodging        | 3 |  3.8
Spellcasting   | 4 |  4.5
Conjurations   | 2 |  2.6
Stealth        | 3 |  3.0
Air Magic      | 4 |  4.1
Fighting       | 1 |  1.0
Short Blades   | |  0.1

Action                   |  1- 3 |  4- 6 || total
-------------------------+-------+-------++-------
Melee: Unarmed           |     2 |       ||     2
       Dagger            |    28 |    21 ||    49
       Trident           |       |    26 ||    26
Throw: Stone             |       |     4 ||     4
 Cast: Shock             |    62 |    66 ||   128
 Stab: Sleeping          |       |     1 ||     1
  Eat: Chunk             |     1 |     6 ||     7
Armor: Robe              |    19 |     9 ||    28
       Animal skin       |       |     6 ||     6
Dodge: Dodged            |    71 |    57 ||   128
